 Dungeon Crawl Stone Soup version 0.22-a0-284-g99d1f74 (webtiles) character file.

5 ololoev the Skirmisher (level 1, -1/21 HPs)
             Began as a Demonspawn Wanderer on Mar 20, 2018.
             Slain by a hobgoblin (3 damage)
             ... on level 1 of the Dungeon.
             The game lasted 00:01:37 (401 turns).

ololoev the Skirmisher (Demonspawn Wanderer)         Turns: 401, Time: 00:01:38

Health: -1/21      AC:  3    Str: 14    XL:     1   Next: 66%
Magic:  1/1        EV: 11    Int: 14    God:
Gold:   19         SH:  0    Dex:  9    Spells: 0/0 levels left

rFire    . . .     SeeInvis .   a - +2 spear
rCold    . . .     Gourm    .   (no shield)
rNeg     + . .     Faith    .   e - +0 robe
rPois    .         Spirit   .   (no helmet)
rElec    .         Reflect  .   (no cloak)
rCorr    .         Harm     .   b - +0 pair of gloves
MR       .....                  (no boots)
Stlth    ++........             (no amulet)
HPRegen  0.07/turn              j - ring of positive energy
MPRegen  0.07/turn              (no ring)

@: no status effects
A: no striking features
a: no special abilities

Inventory:

Hand Weapons
 a - a +2 spear (weapon)
 f - a +0 dagger
Armour
 b - a +0 pair of gloves (worn)
 e - a +0 robe (worn)
Jewellery
 j - a ring of positive energy (left hand)
Scrolls
 c - 2 scrolls of enchant armour {unknown}
 d - a scroll of teleportation
Potions
 i - a potion of brilliance {unknown}
Comestibles
 g - a ration


   Skills:
 + Level 5.0 Fighting
 + Level 0.3 Armour
 + Level 1.1 Dodging
 + Level 2.8 Stealth
   Level 1.0 Shields


You couldn't memorise any spells.
You didn't know any spells.


You were on level 1 of the Dungeon.
You were not hungry.

You visited 1 branch of the dungeon, and saw 1 of its levels.

You collected 19 gold pieces.

### ..# #.# # #.#
#####.####.########
#......Kg@........#
..###...##.######.#
#.....#.# #.#
##...##.# #.#
#......# ###.##
..)##### #..#.#
###. #.#.## . ##+##
#.### .### ##...##
#.#

Notes
Turn   | Place    | Note
-------+----------+-------------------------------------------
     0 | D:1      | ololoev the Demonspawn Wanderer began the quest for the Orb.
     0 | D:1      | ololoev set off with: a +2 spear, a +0 hand crossbow, 24 bolts, a scroll of teleportation, a +0 robe, a +0 dagger, a ration
     0 | D:1      | Reached XP level 1. HP: 21/21 MP: 1/1
     0 | D:1      | DEFE: На этот раз не просто орбран томб
    11 | D:1      | DEFE: это был полный орбранэкстенд
    11 | D:1      | ololoev: лол
    11 | D:1      | DEFE: там еще слаймы остались
    11 | D:1      | DEFE: помимо томба
   401 | D:1      | Slain by a hobgoblin

Dungeon Overview and Level Annotations

Branches:
Dungeon (1/15)

Altars:


Message History

You kill the kobold!
You butcher the goblin corpse.
h - 2 chunks of flesh You see here a dagger of speed.
As you close the door, pushing everything out of the way, it creaks loudly!
You see here a short sword.
You start resting.
HP restored.
You open the door.
There is an open door here.
i - a metallic purple potion
Things that are here:
a club; a hobgoblin corpse A frilled lizard comes into view.
Found a copper ring.
A frilled lizard is nearby!
The frilled lizard hisses angrily.
The frilled lizard bites you.
You closely miss the frilled lizard.
The frilled lizard bites you but does no damage.
You hit the frilled lizard.
You kill the frilled lizard!
No target in view!
No target in view!
No target in view!
No target in view!
No target in view!
No target in view!
No target in view!
No target in view!
No target in view!
No target in view!
No target in view!
No target in view!
No target in view!
No target in view!
You start resting.
HP restored.
j - a copper ring Put on which piece of jewellery? (? for menu, Esc to quit)
j - a ring of positive energy (left hand)
A kobold comes into view. It is wielding a club.
A kobold is nearby!
A kobold is nearby!
A kobold is nearby!
A kobold is nearby!
A hobgoblin comes into view.
Found a mace.
The kobold shouts!
The hobgoblin shouts!
You closely miss the kobold. The kobold closely misses you.
You barely miss the kobold. The kobold closely misses you.
The hobgoblin hits you.
You closely miss the kobold. The hobgoblin hits you.
The kobold barely misses you.
All of the chunks of flesh in your inventory have rotted away.
You hit the kobold.
The kobold is moderately wounded.
The hobgoblin barely misses you. The kobold barely misses you.
You closely miss the kobold.
The kobold is moderately wounded.
The hobgoblin barely misses you. The kobold hits you with a club.
You are too injured to fight recklessly!
You are too injured to fight recklessly!
Unknown command.
You hit the hobgoblin but do no damage. The hobgoblin misses you.
You barely miss the hobgoblin. The hobgoblin hits you.
You hit the hobgoblin but do no damage.
The hobgoblin hits you but does no damage.
You closely miss the hobgoblin. The hobgoblin hits you.
The hobgoblin barely misses you.
You hit the hobgoblin.
The hobgoblin is lightly wounded.
The hobgoblin hits you but does no damage.
You closely miss the hobgoblin.
The hobgoblin is lightly wounded.
The hobgoblin hits you.
You hit the hobgoblin.
The hobgoblin is almost dead.
The hobgoblin hits you.
You die...

You could see a hobgoblin and a kobold.

Vanquished Creatures
  A goblin (D:1)
  2 hobgoblins (D:1)
  A frilled lizard (D:1)
  A kobold (D:1)
5 creatures vanquished.

Action                   || total
-------------------------++-------
Melee: Spear             ||    20
 Stab: Sleeping          ||     1
Armor: Robe              ||     3
Dodge: Dodged            ||     8

Vault maps used:
D:1:      dpeg_chamrin_arrival_tetris, minmay_domino_4
